 Dungeon Crawl Stone Soup version 0.31-a0-1178-gc5c9b8f871 (webtiles) character file.

Game seed: 2753333804548585243

47 qw the Shooter (level 3, -1/22 HPs)
             Began as a Gargoyle Hunter on Dec 11, 2023.
             Slain by Grinder (2 damage)
             ... while paralysed by Grinder
             ... on level 3 of the Dungeon.
             The game lasted 00:00:30 (1676 turns).

qw the Shooter (Gargoyle Hunter)                    Turns: 1676, Time: 00:00:30

Health: -1/22      AC:  8    Str: 14    XL:     3   Next: 70%
Magic:  3/3        EV:  2    Int:  9    God:
Gold:   98         SH:  0    Dex: 15    Spells: 2/2 levels left

rFire   . . .        a - +0 shortbow (freeze)
rCold   . . .        (shield currently unavailable)
rNeg    + . .        c - +0 leather armour
rPois   inf          (no helmet)
rElec   +            (no cloak)
rCorr   .            k - +1 pair of gloves
SInv    .            (no boots)
Will    +....        (no amulet)
Stlth   ++           f - ring of willpower
HPRegen 0.23/turn    (no ring)
MPRegen 0.08/turn

%: no passive effects
@: paralysed
A: sickness immunity, AC +3, negative energy resistance 1, electricity
resistance, torment resistance 1, petrification resistance
a: no special abilities


You were on level 3 of the Dungeon.
You visited 1 branch of the dungeon, and saw 3 of its levels.

You collected 98 gold pieces.


Innate Abilities, Weirdness & Mutations

You are immune to sickness and miasma.
Your stone body is resilient. (AC +3)
You are immune to poison.
You resist negative energy. (rN+)
You are resistant to electric shocks. (rElec)
You are resistant to unholy torment.
You are immune to petrification.


   Skills:
 + Level 2.9 Fighting
 - Level 5.0 Ranged Weapons
 - Level 1.5 Dodging
 - Level 1.1 Stealth


You had 2 spell levels left.
You didn't know any spells.
Your spell library was empty.

Inventory:

Hand Weapons
 a - a +0 shortbow of freezing (weapon)
Armour
 c - a +0 leather armour (worn)
 k - a +1 pair of gloves (worn)
Jewellery
 f - a ring of willpower (left hand)
Scrolls
 b - a scroll of fog {unknown}
Potions
 e - 2 potions of curing
 i - a potion of cancellation

Dungeon Overview and Level Annotations

Branches:
Dungeon (3/15)

Altars:

Shops:
D:2 :

Annotations:
D:3 Grinder


Message History

Grinder closely misses you.
You shoot an arrow.
The arrow hits Grinder but does no damage.
Grinder is lightly wounded.
Grinder gestures at you. You resist with significant effort.
You shoot an arrow. The arrow hits Grinder.
Grinder is moderately wounded.
Grinder gestures at you.
You easily resist.
You shoot an arrow. The arrow closely misses Grinder.
Grinder hits you but does no damage.
You shoot an arrow. The arrow hits Grinder.
Grinder is moderately wounded.
Grinder hits you. Grinder gestures at you.
You easily resist.
You shoot an arrow. The arrow barely misses Grinder.
Grinder hits you.
You writhe in agony.
You shoot an arrow.
The arrow hits Grinder but does no damage.
Grinder is moderately wounded.
Grinder hits you!
You writhe in agony.
You shoot an arrow. The arrow barely misses Grinder.
Grinder hits you but does no damage.
You shoot an arrow. The arrow barely misses Grinder.
Grinder hits you but does no damage.
You shoot an arrow. The arrow closely misses Grinder.
Grinder closely misses you.
You shoot an arrow.
The arrow hits Grinder but does no damage.
Grinder is moderately wounded.
Grinder gestures at you.
You suddenly lose the ability to move!
Grinder gestures at you.
You easily resist.
Grinder hits you! Grinder hits you.
You writhe in agony.
You die...
Grinder says, "Hey, I wasn't done torturing you yet!"

#.# #.# ######.##
###....#..####
#.'....'.....#
#.#....##.##.....
#.#######.# ###
#.# ##.## #.#
#.@.# #.#
#.5..).[.# #.#
#..#.#!#./ #.#
#......%.. #.#
##.#.#.#.. #.#
#.......# #.#
#.#.#.#.# #.#
#.......# #.#


You could see Grinder.

Vanquished Creatures
  An adder (D:3)
  2 dart slugs
  2 ball pythons
  2 bats (D:1)
  3 endoplasms (D:1)
  2 giant cockroaches
  7 goblins
  A hobgoblin (D:2)
  3 kobolds
  A quokka (D:1)
  3 frilled lizards
  4 rats
31 creatures vanquished.

Notes
Turn   | Place    | Note
-------+----------+-------------------------------------------
     0 | D:1      | qw the Gargoyle Hunter began the quest for the Orb.
     0 | D:1      | Reached XP level 1. HP: 12/12 MP: 1/1
     0 | D:1      | 0 ||| qw: Version: 0.3-a-106-g2cfff9e
     0 | D:1      | 0 ||| qw: Game counter: 1958
     0 | D:1      | 0 ||| qw: Melee chars always use a shield: true
     0 | D:1      | 0 ||| qw: God list: Okawaru
     0 | D:1      | 0 ||| qw: Allow faded altars: false
     0 | D:1      | 0 ||| qw: Do Orc after clearing Dungeon:15 true
     0 | D:1      | 0 ||| qw: Do second Lair branch before Depths: true
     0 | D:1      | 0 ||| qw: Lair rune preference: random
     0 | D:1      | 0 ||| qw: Goals: Normal, Save, Zot:1-4, Win
     0 | D:1      | 0 ||| PLANNING D:1-11
   167 | D:1      | Reached XP level 2. HP: 17/17 MP: 2/2
   437 | D:1      | Reached XP level 3. HP: 21/21 MP: 3/3
   765 | D:1      | 765 ||| UPGRADING to ring of willpower.
   766 | D:1      | 766 ||| READING 3 scrolls labelled FENTOS BEUCZUD.
   766 | D:1      | 766 ||| IDENTIFYING cyan potion
   767 | D:1      | 767 ||| READING 2 scrolls of identify.
   767 | D:1      | 767 ||| IDENTIFYING fizzy dark potion
   768 | D:1      | 768 ||| READING scroll of identify.
   768 | D:1      | 768 ||| IDENTIFYING scroll labelled GEFESI XIPTAEM
   769 | D:1      | 769 ||| READING 2 scrolls labelled UCRECVO GUGE.
   870 | D:1      | 870 ||| DROPPING scroll of butterflies.
   871 | D:1      | 871 ||| DROPPING scroll of vulnerability.
   872 | D:1      | 872 ||| DROPPING scroll of revelation.
   890 | D:2      | Found Taibbuucu's Book Shop.
  1035 | D:2      | Reached skill level 5 in Ranged Weapons
  1535 | D:2      | 1535 ||| UPGRADING to +1 pair of gloves.
  1540 | D:2      | 1540 ||| DROPPING amulet of magic regeneration.
  1541 | D:2      | 1541 ||| READING 3 scrolls of identify.
  1541 | D:2      | 1541 ||| IDENTIFYING bubbling golden potion
  1542 | D:2      | 1542 ||| READING 2 scrolls of identify.
  1542 | D:2      | 1542 ||| IDENTIFYING scroll labelled FARANUNACI
  1543 | D:2      | 1543 ||| READING scroll of identify.
  1543 | D:2      | 1543 ||| IDENTIFYING scroll labelled SEAKIL KYNUMI
  1544 | D:2      | 1544 ||| READING scroll of brand weapon.
  1544 | D:2      | 1544 ||| BRANDING +0 shortbow.
  1545 | D:2      | 1545 ||| DROPPING scroll of blinking.
  1546 | D:2      | 1546 ||| DROPPING potion of ambrosia.
  1658 | D:3      | Noticed Grinder
  1659 | D:3      | Paralysed by Grinder for 3 turns
  1673 | D:3      | Paralysed by Grinder for 4 turns
  1675 | D:3      | HP: 2/22 [Grinder (8)]
  1676 | D:3      | Slain by Grinder

Levels and vault maps discovered:
D:1:      heliophobic_arrival_glass_houses, layout_basic
D:2:      layout_loops_ring, serial_shops, nicolae_shop_statue_plus
D:3:      minmay_octagon_keep, layout_basic,
          ebering_ecumenical_altar_sacrificial, serial_glass, glass_columns_b,
          glass_columns_a, serial_park_tiny_pond, uniq_robin, uniq_grinder

Skill      XL: |  1  2  3 |
---------------+----------+-----
Ranged Weapons | 5 |  5.0
Fighting       | |  2.9
Dodging        | |  1.5
Stealth        | |  1.1

Action                     || total
---------------------------++-------
   Fire: Shortbow          ||    96
    Use: Scroll            ||     8
 Armour: Leather armour    ||    21
  Dodge: Dodged            ||    20

Table legend:
 A = Non-vault XP
 B = Vault XP
 C = Vault XP percentage of total XP
 D = Non-vault monster count
 E = Vault monster count
 F = Vault count percentage of total count
                 A         B        C        D         E       F
            +---------+---------+-------+---------+---------+-------
      Total |      68 |       0 |   0.0 |      31 |       0 |   0.0
            +---------+---------+-------+---------+---------+-------
        D:1 |      36 |       0 |   0.0 |      19 |       0 |   0.0
        D:2 |      12 |       0 |   0.0 |       7 |       0 |   0.0
        D:3 |      20 |       0 |   0.0 |       5 |       0 |   0.0
            +---------+---------+-------+---------+---------+-------
